 Dungeon Crawl Stone Soup version 0.28.0-49-g6dfe1f597d (webtiles) character file.

Game seed: 3775285820410222596

307 mortz the Conjurer (level 6, -1/32 HPs)
             Began as a Deep Elf Conjurer on May 15, 2022.
             Slain by a rat (4 damage)
             ... on level 3 of the Dungeon.
             The game lasted 00:19:45 (3696 turns).

mortz the Conjurer (Deep Elf Conjurer)              Turns: 3696, Time: 00:19:46

Health: -1/32      AC:  3    Str:  4    XL:     6   Next: 16%
Magic:  6/16       EV: 12    Int: 25    God:
Gold:   131        SH:  0    Dex: 13    Spells: 13/16 levels left

rFire   . . .      SeeInvis .   f - +4 long sword {long}
rCold   . . .      Faith    .   (no shield)
rNeg    . . .      Spirit   .   a - +0 robe
rPois   .          Reflect  .   (no helmet)
rElec   .          Harm     .   j - +0 cloak
rCorr   .          Rampage  .   (no gloves)
Will    .....                   (no boots)
Stlth   ++........              (no amulet)
HPRegen 0.10/turn               u - ring of wizardry
MPRegen 0.15/turn               (no ring)

@: no status effects
A: no striking features
a: no special abilities


You were on level 3 of the Dungeon.
You visited 1 branch of the dungeon, and saw 3 of its levels.
You also visited: Sewer.

You collected 131 gold pieces.


   Skills:
 + Level 2.8 Dodging
 + Level 3.9 Stealth
 + Level 5.7 Spellcasting
 + Level 6.4 Conjurations


You had 13 spell levels left.
You knew the following spells:

 Your Spells              Type           Power      Damage    Failure   Level
a - Magic Dart            Conj           100%       1d8       1%          1
b - Searing Ray           Conj           78%        2d7       1%          2

Your spell library contained the following spells:

 Spells                   Type           Power      Damage    Failure   Level
 Foxfire                  Conj/Fire      92%        2x1d8     1%          1
 Conjure Flame            Conj/Fire      23%        6-21      2%          3
 Dazzling Flash           Conj/Hex       46%        N/A       2%          3
 Inner Flame              Hex/Fire       7%         N/A       9%          3
 Flame Wave               Conj/Fire      23%        2d7       9%          4
 Fulminant Prism          Conj/Hex       11%        3d9       9%          4
 Iskenderun's Mystic Bla  Conj/Tloc      23%        2d6       9%          4

Inventory:

Hand Weapons
 b - a +0 short sword {short}
   (You took it off a kobold on level 1 of the Dungeon)
 f - a +4 long sword (weapon) {long}
   (You found it on level 3 of the Dungeon)
 i - a +2 whip of electrocution {mace}
   (You took it off a kobold on level 2 of the Dungeon)
 k - a +1 flail of venom {mace}
   (You found it on level 2 of the Dungeon)
Missiles
 c - 128 stones {throwing}
 q - a curare-tipped dart {=fthrowing}
 r - 2 poisoned darts {throwing}
Armour
 a - a +0 robe (worn)
 j - a +0 cloak (worn)
   (You found it on level 2 of the Dungeon)
 m - a +0 leather armour
   (You found it on level 3 of the Dungeon)
Jewellery
 u - a ring of wizardry (left hand)
   (You found it on level 3 of the Dungeon)
Scrolls
 d - 2 scrolls of teleportation {@r4}
 h - a scroll of brand weapon {unknown}
 n - a scroll of immolation {unknown}
 o - a scroll of enchant weapon {unknown}
Potions
 e - a potion of curing {@q1}
 g - a potion of brilliance
 l - 2 potions of magic {unknown}
 p - 4 potions of resistance
 s - a potion of might {unknown}
 t - a potion of heal wounds {unknown}

Dungeon Overview and Level Annotations

Branches:
Dungeon (3/15)              Sewer (visited)

Altars:
Trog

Annotations:
D:3 1 transporter, Brotato's ghost, amateur GrFi

....#..#...#.#................##
##.##.....#.##.##.....##.....##
...#..#.#...#......##.########
...#..#.#...#.....###.#
...##.......#.##.## ..#
....###.©.###.##.# .##
......#####...##.# ##
...#........####.######
##.#.....##.....@r....#
#...###...........##r#
##..###.##........##.#
###..............####.####
......####.#######...r...##
......# #..#####.........##
.....## ##....#...........#
.....# #....#....###....#
.....######....#...##y##...#


You could see 2 rats.


Message History

The quasit claws you. The quasit completely misses you.
The quasit closely misses you. x2 😕 HP[-1]
You take 1 damage, and now have 27/28 hp.
The quasit barely misses you.
The quasit claws you but does no damage.
The quasit misses you.
You see here a sedimented grey potion. 😎 HP[+1]
Your hp is fully restored (28).
Casting: Searing Ray (safe; 1% risk of failure)
Confirm with . or Enter, or press ? or * to list all spells.
Aiming: Searing Ray (safe; 1% risk of failure)
Press: ? - help, Shift-Dir - straight line, f - quasit
Aim: a quasit (63% to hit)
The searing ray hits the quasit!
The searing ray hits the quasit. (Press . to maintain the ray.)
The quasit closely misses you. x2; The quasit barely misses you.
The quasit closely misses you. The quasit claws you.
You feel clumsy. The quasit claws you. 😕 HP[-3] MP[-2]
You take 3 damage, and now have 25/28 hp.
You lost 2 mp, and now have 12/14 mp.
The searing ray hits the quasit. x2
The quasit bites you but does no damage.
The quasit misses you. The quasit barely misses you. 😕 MP[-1]
You lost 1 mp, and now have 11/14 mp.
The searing ray misses the quasit. x2; The quasit completely misses you.
The quasit closely misses you.
The quasit claws you but does no damage. 😕 MP[-1]
You lost 1 mp, and now have 10/14 mp.
The searing ray hits the quasit!
You kill the quasit!
The searing ray hits the quasit.
You finish channelling your searing ray.
Brotato's ghost hits you!
Ouch! That really hurt!
* * * LOW HITPOINT WARNING * * *
You have reached level 6! 😨 HP[-12] MP[-1]
You now have 32 max hp (+4).
You take 12 damage, and now have 13/32 hp.
MASSIVE DAMAGE!! (PAUSE)
Casting: Searing Ray (safe; 1% risk of failure)
Confirm with . or Enter, or press ? or * to list all spells.
Aiming: Searing Ray (safe; 1% risk of failure)
Press: ? - help, Shift-Dir - straight line, f - quasit
Aim: a quasit (almost dead, 63% to hit)
The searing ray hits the quasit.
You kill the quasit! (Press . to maintain the ray.) Brotato's ghost hits you.
* * * LOW HITPOINT WARNING * * *
You feel your dexterity returning. 😨 HP[-4] MP[-2]
You take 4 damage, and now have 9/32 hp.
You lost 2 mp, and now have 7/16 mp.
Casting: Searing Ray (safe; 1% risk of failure)
Confirm with . or Enter, or press ? or * to list all spells.
Restarting spell: Searing Ray (safe; 1% risk of failure)
Press: ? - help, Shift-Dir - straight line, f - Brotato's ghost
Aim: Brotato's ghost (91% to hit)
The searing ray hits Brotato's ghost! (Press . to maintain the ray.) Brotato's ghost hits you but does no damage. 😨 MP[-2]
You lost 2 mp, and now have 5/16 mp.
The searing ray hits Brotato's ghost but does no damage.
Brotato's ghost barely misses you.
The searing ray hits Brotato's ghost!
Brotato's ghost closely misses you. 😨 MP[-1]
You lost 1 mp, and now have 4/16 mp.
The searing ray hits Brotato's ghost but does no damage.
You finish channelling your searing ray.
Brotato's ghost misses you. 😨 MP[-1]
You lost 1 mp, and now have 3/16 mp.
Brotato's ghost misses you.
As you read the scroll of teleportation {@r4}, it crumbles to dust.
You feel strangely unstable. Brotato's ghost hits you!
* * * LOW HITPOINT WARNING * * *
😱 HP[-8]
You take 8 damage, and now have 1/32 hp.
MASSIVE DAMAGE!! (PAUSE) 😱 HP[+1] MP[+1]
Your surroundings suddenly seem different.
A rat comes into view.
The moth of wrath's fur bristles in rage as it notices you. 😱 MP[+1]
The moth of wrath goads the rat on!
The rat goes berserk! 😱 HP[+1]
The rat barely misses you. 😱 MP[+1]
The rat bites you.
You die...

Skill      XL: |  1  2  3  4  5 |
---------------+----------------+-----
Conjurations   | 5 6 |  6.4
Stealth        | 3 |  3.9
Spellcasting   | 4 5 |  5.7
Dodging        | |  2.8

Action                   |  1- 3 |  4- 6 || total
-------------------------+-------+-------++-------
Melee: Long sword        |       |     2 ||     2
 Cast: Magic Dart        |    66 |    36 ||   102
       Searing Ray       |     6 |    20 ||    26
  Use: Scroll            |     1 |     4 ||     5
 Stab: Sleeping          |       |     1 ||     1
Armor: Robe              |     1 |    10 ||    11
Dodge: Dodged            |     2 |    26 ||    28

Levels and vault maps discovered:
D:1:      minmay_arrival_diagonal_passages, layout_rooms
D:2:      layout_loops_ring, serial_rivers, chequers_serial_rivers_small_a,
          chequers_serial_rivers_micro_d, chequers_serial_rivers_micro_b,
          chequers_serial_rivers_large_a, chequers_serial_rivers_marsh,
          chequers_serial_rivers_micro_a, hellmonk_ecumenical_altar_heavens_door
D:3:      layout_rooms, tgw_trog, tgw_kikubaaqudgha, portal_sewer_entry_e,
          gammafunk_ghost_stat_death, saegor_snake_ambush

Notes
Turn   | Place    | Note
-------+----------+-------------------------------------------
     0 | D:1      | mortz the Deep Elf Conjurer began the quest for the Orb.
     0 | D:1      | Reached XP level 1. HP: 10/10 MP: 6/6
     0 | D:1      | magus.rc [v1.9.6]
   106 | D:1      | You pick up a book of Flames and begin reading...
   106 | D:1      | You add the spells Foxfire, Conjure Flame, Inner Flame and
                  | Flame Wave to your library.
   179 | D:1      | Reached XP level 2. HP: 15/15 MP: 4/8
   610 | D:1      | Reached skill level 5 in Conjurations
   613 | D:1      | Learned a level 2 spell: Searing Ray
   842 | D:2      | Reached XP level 3. HP: 19/19 MP: 7/10
  1369 | D:2      | Found a faded altar of an unknown god.
  1454 | D:2      | Reached skill level 3 in Stealth
  1554 | D:2      | Reached skill level 4 in Spellcasting
  1596 | D:2      | Reached XP level 4. HP: 24/24 MP: 8/12
  2031 | D:3      | Noticed a moth of wrath
  2034 | D:3      | Found a bloodstained altar of Trog.
  2339 | D:3      | Found a glowing drain.
  2346 | Sewer    | Entered a sewer
  2567 | Sewer    | Reached XP level 5. HP: 28/28 MP: 9/14
  2770 | Sewer    | Reached skill level 6 in Conjurations
  2813 | Sewer    | Reached skill level 5 in Spellcasting
  2813 | Sewer    | HP: 7/28 [poisoned by a kobold brigand (curare-tipped
                  | dart)]
  3579 | D:3      | Found a transporter.
  3594 | D:3      | Noticed Brotato's ghost (amateur GrFi)
  3612 | D:3      | Found a transporter.
  3672 | D:3      | Reached XP level 6. HP: 13/32 MP: 9/16
  3679 | D:3      | HP: 1/32 [Brotato's ghost (8)]
  3696 | D:3      | Slain by a rat

Vanquished Creatures
  A kobold brigand (Sewer)
  2 quasits (D:3)
  4 river rats
  7 adders
  A worm (D:2)
  2 dart slugs
  10 ball pythons
  5 bats
  3 endoplasms
  A giant cockroach (D:3)
  4 goblins
  6 hobgoblins
  3 jackals (D:3)
  11 kobolds
  A quokka (D:2)
  3 frilled lizards
  15 rats
79 creatures vanquished.

Vanquished Creatures (others)
  5 plants (Sewer)
5 creatures vanquished.

Grand Total: 84 creatures vanquished

Table legend:
 A = Non-vault XP
 B = Vault XP
 C = Vault XP percentage of total XP
 D = Non-vault monster count
 E = Vault monster count
 F = Vault count percentage of total count
                 A         B        C        D         E       F
            +---------+---------+-------+---------+---------+-------
      Total |     123 |     316 |  72.0 |      50 |      29 |  36.7
            +---------+---------+-------+---------+---------+-------
        D:1 |      33 |       0 |   0.0 |      19 |       0 |   0.0
        D:2 |      77 |       0 |   0.0 |      24 |       0 |   0.0
        D:3 |      13 |     126 |  90.6 |       7 |      11 |  61.1
      Sewer |       0 |     190 | 100.0 |       0 |      18 | 100.0
            +---------+---------+-------+---------+---------+-------

Illustrated notes

Table legend:
 A = Kills in this place as a percentage of kills in entire the game.
 B = Kills by you in this place as a percentage of kills by you in the entire game.
 C = Kills by friends in this place as a percentage of kills by friends in the entire game.
 D = Other kills in this place as a percentage of other kills in the entire game.
 E = Experience gained in this place as a percentage of experience gained in the entire game.
 F = Experience gained in this place divided by the number of levels of this place that you have seen.
                   A       B       C       D       E      F
               +-------+-------+-------+-------+-------+----------------------
         Total | 100.0 | 100.0 |   N/A |   N/A | 100.0 | 109.8
       Dungeon |  77.2 |  77.2 |   N/A |   N/A |  56.7 |  83.0
         Sewer |  22.8 |  22.8 |   N/A |   N/A |  43.3 | 190.0
               +-------+-------+-------+-------+-------+----------------------

Table legend: (Time is in decaauts)
 A = Elapsed time spent in this place.
 B = Non-inter-level travel time spent in this place.
 C = Inter-level travel time spent in this place.
 D = Time resting spent in this place.
 E = Time spent auto-exploring this place.
 F = Levels seen in this place.
 G = Mean time per level.
                   A        B        C        D        E       F      G
               +--------+--------+--------+--------+--------+-----+--------+
         Total |   3877 |   3802 |     75 |    545 |   2452 |   4 |  969.2 |
       Dungeon |   2578 |   2503 |     75 |    193 |   1707 |   3 |  859.3 |
         Sewer |   1298 |   1298 |      0 |    352 |    744 |   1 | 1298.0 |
               +--------+--------+--------+--------+--------+-----+--------+

Top non-repeatable levels by time:
   Sewer: 1298 daAuts
     D:2: 1240 daAuts
     D:1: 699 daAuts
     D:3: 638 daAuts
